 Dungeon Crawl Stone Soup version 0.30.0-29-ga12c61a403 (webtiles) character file.

Game seed: 17371720109891426915

4932 banonogon the Cleaver (level 10, -14/79 HPs)
             Began as a Gnoll Reaver on June 6, 2023.
             Was an Initiate of Vehumet.
             Demolished by kmckee's ghost (27 damage)
             ... on level 9 of the Dungeon.
             The game lasted 00:38:00 (7524 turns).

banonogon the Cleaver (Gnoll Reaver)                Turns: 7524, Time: 00:38:01

Health: -14/79     AC: 17    Str: 13    XL:     10   Next: 52%
Magic:  17/21      EV: 14    Int: 18    God:    Vehumet [......]
Gold:   492        SH: 12    Dex: 17    Spells: 10/24 levels left

rFire   + + .        N - +10 spear "Uklaic" {protect, rF+ Dex+3}
rCold   + + .        A - +2 kite shield
rNeg    + . .        m - +1 leather armour of Ynyanuen {+Blink rF+ rC+ rN+}
rPois   .            S - +0 helmet
rElec   .            G - +0 cloak
rCorr   .            f - +0 pair of gloves
SInv    .            q - +1 pair of boots
Will    .....        p - amulet of regeneration
Stlth   +++          t - +6 ring of intelligence
HPRegen 1.13/turn    g - ring of wizardry
MPRegen 0.17/turn

%: wizardry (x1)
@: about to teleport, under a protective aura, unable to read
A: fangs 1, strong nose, distributed training, agile 1, cold resistance 1, dopey
1, inability to read after injury 1
a: Renounce Religion, Evoke Blink


You were on level 9 of the Dungeon.
You worshipped Vehumet.
Vehumet was noncommittal.
You visited 2 branches of the dungeon, and saw 10 of its levels.
You also visited: Sewer.

You collected 492 gold pieces.

Inventory:

Hand Weapons
 a - a +1 hand axe
 h - a +2 battleaxe of flaming
 j - a +0 vampiric short sword
 u - a +2 rapier of speed
 F - a +4 quarterstaff of chaos
 N - the +10 spear "Uklaic" (weapon) {protect, rF+ Dex+3}
   (You found it on level 4 of the Dungeon)

   Dex:       It affects your dexterity (+3).
   rF:        It protects you from fire.
Missiles
 c - 84 stones
 i - 33 poisoned darts
 C - a throwing net
Armour
 b - a +0 leather armour
 d - a +0 ring mail
 f - a +0 pair of gloves (worn)
 m - the +1 leather armour of Ynyanuen (worn) {+Blink rF+ rC+ rN+}
   (You found it on level 2 of the Dungeon)

   rF:        It protects you from fire.
   rC:        It protects you from cold.
   rN:        It protects you from negative energy.
   +Blink:    It lets you blink.
 q - a +1 pair of boots (worn)
 A - a +2 kite shield (worn)
 G - a +0 cloak (worn)
 S - a +0 helmet (worn)
Jewellery
 g - a ring of wizardry (right hand)
 k - an amulet of reflection
 n - a ring of ice
 o - a ring of poison resistance
 p - an amulet of regeneration (around neck)
 r - a ring of fire
 t - a +6 ring of intelligence (left hand)
 I - a +6 ring of intelligence
 L - a ring of poison resistance
 T - an amulet of reflection
Wands
 D - a wand of mindburst (7)
 E - a wand of flame (49)
 P - a wand of roots (1)
Scrolls
 l - a scroll of torment
 s - a scroll of noise
 v - a scroll of teleportation
 w - 2 scrolls of amnesia
 y - a scroll of silence
 H - a scroll of magic mapping
 K - a scroll of vulnerability
 M - a scroll of fear
 Q - a scroll of fog
Potions
 e - 2 potions of degeneration
 x - a potion of ambrosia
 z - a potion of might
 B - 4 potions of haste
 J - a potion of attraction
 O - a potion of curing


   Skills:
 + Level 7.3 Fighting
 + Level 5.5 Short Blades
 + Level 5.5 Long Blades
 + Level 8.7 Axes
 + Level 5.5 Maces & Flails
 + Level 5.5 Polearms
 + Level 5.5 Staves
 + Level 5.5 Ranged Weapons
 + Level 5.5 Throwing
 + Level 5.5 Armour
 + Level 7.3 Dodging
 + Level 5.5 Stealth
 + Level 5.5 Shields
 + Level 5.5 Unarmed Combat
 + Level 7.6 Spellcasting
 + Level 7.2 Conjurations
 + Level 4.6 Hexes
 + Level 4.6 Summonings
 + Level 4.6 Necromancy
 + Level 4.6 Translocations
 + Level 4.6 Transmutations
 + Level 4.6 Fire Magic
 + Level 4.6 Ice Magic
 + Level 4.6 Air Magic
 + Level 4.6 Earth Magic
 + Level 4.6 Poison Magic
 + Level 6.1 Invocations
 + Level 5.5 Evocations


You had 10 spell levels left.
You knew the following spells:

 Your Spells              Type           Power      Damage    Failure   Level
a - Kiss of Death         Conj/Necr      100%       2d13      1%          1
b - Momentum Strike       Conj/Tloc      56%        3d9       2%          2
c - Necrotise             Necr           92%        1d8       2%          1
d - Stone Arrow           Conj/Erth      56%        3d10      4%          3
e - Vampiric Draining     Necr           23%        2d7       8%          3
f - Passwall              Tmut/Erth      19%        N/A       3%          2
g - Ensorcelled Hibernat  Hex/Ice        46%        N/A       3%          2

Your spell library contained the following spells:

 Spells                   Type           Power      Damage    Failure   Level
 Scorch                   Fire           46%        2d7       3%          2
 Sublimation of Blood     Necr           23%        N/A       3%          2
 Wereblood                Tmut           23%        N/A       3%          2
 Dazzling Flash           Conj/Hex       56%        N/A       4%          3
 Hailstorm                Conj/Ice       28%        3d8       4%          3
 Swiftness                Air            23%        N/A       8%          3
 Flame Wave               Conj/Fire      28%        2d9       14%         4
 Animate Armour           Summ/Erth      46%        N/A       24%         4
 Agony                    Necr           23%        N/A       52%         5
 Silence                  Hex/Air        11%        N/A       52%         5
 Summon Cactus Giant      Summ           11%        N/A       97%         6
 Summon Hydra             Summ           11%        N/A       100%        7
 Lehudib's Crystal Spear  Conj/Erth      14%        10d5      100%        8


Dungeon Overview and Level Annotations

Branches:
Dungeon (9/15)             Temple (1/1) D:5           Sewer (visited)
   Lair: D:8-11         Orc: D:9-12

Altars:
Ashenzari
Elyvilon
Gozag
Kikubaaqudgha
Nemelex Xobeh
Vehumet
Yredelemnul

Shops:
D:7 *

Annotations:
D:9 kmckee's ghost, novice MiFi


Innate Abilities, Weirdness & Mutations

You have very sharp teeth.
Your uncanny sense of smell can sniff out nearby items.
Your experience applies equally to all skills.
You are agile. (Dex +4, Str/Int -1)
Your flesh is cold resistant. (rC+)
You are dopey. (Int -2)
You occasionally lose the ability to read scrolls when taking damage.


Message History

You completely miss kmckee's ghost.
Kmckee's ghost is severely damaged.
Kmckee's ghost closely misses you.
You puncture kmckee's ghost!
You bite kmckee's ghost, but do no damage.
Kmckee's ghost is almost destroyed.
Kmckee's ghost barely misses you.
You hit kmckee's ghost but do no damage.
Kmckee's ghost is almost destroyed.
Kmckee's ghost misses you.
You hit kmckee's ghost but do no damage.
Kmckee's ghost is almost destroyed.
Kmckee's ghost closely misses you.
You hit kmckee's ghost but do no damage.
Kmckee's ghost is almost destroyed.
You block kmckee's ghost's attack.
You barely miss kmckee's ghost.
Kmckee's ghost is almost destroyed.
Kmckee's ghost hits you.
You hit kmckee's ghost.
Kmckee's ghost is almost destroyed.
Kmckee's ghost barely misses you.
You closely miss kmckee's ghost.
Kmckee's ghost is almost destroyed.
You block kmckee's ghost's attack.
You hit kmckee's ghost but do no damage.
Your bite misses kmckee's ghost.
Kmckee's ghost is almost destroyed.
Kmckee's ghost hits you but does no damage.
You hit kmckee's ghost.
Kmckee's ghost is almost destroyed.
Kmckee's ghost hits you!!
You completely miss kmckee's ghost.
Kmckee's ghost is almost destroyed.
Kmckee's ghost hits you!!
* * * LOW HITPOINT WARNING * * *
As you read the scroll of teleportation, it crumbles to dust.
You feel strangely unstable. Kmckee's ghost hits you!!
You feel threatened and lose the ability to read scrolls!
You die...

#############
............#
.......###..###########.
.......# #..'..#[/$#..'.
..###..# #..##.#...#.#
..# #..# #..##.#W''#.#
..# #.......##..@....#
..# #.#####.####...###
..###.# #.# .._..#
......# #.# ##...##
......# ### #####
......# ∆ ...##.# ...#
... .........


You could see kmckee's ghost.

Vanquished Creatures
  Pikel (D:7)
  2 unseen horror zombies (D:9)
  A wyvern (D:8)
  A shadow (D:7)
  Menkaure (D:7)
  2 water moccasins
  Duvessa (D:4)
  Pargi (Sewer)
  2 orc warriors
  A black bear (D:6)
  An ice beast (D:6)
  A sky beast (D:6)
  2 ogres
  2 centaurs
  2 lemures (D:7)
  A phantom (D:5)
  2 bullfrogs (D:7)
  4 kobold brigands
  A gnoll sergeant (D:8)
  5 scorpions
  4 wights
  Dowan (D:4)
  3 killer bees
  5 howler monkeys
  3 hounds
  Crazy Yiuf (D:7)
  5 orc priests
  A gnoll bouda (D:4)
  5 iguanas
  2 sleepcaps
  Terence (D:3)
  4 orc wizards
  9 adders
  13 gnolls
  2 river rats (D:3)
  2 shadow imps (D:6)
  5 white imps
  An ufetubus (D:6)
  A dart slug (D:1)
  15 orcs
  6 endoplasms
  2 giant cockroaches
  3 goblins
  2 hobgoblins
  4 jackals (D:2)
  20 kobolds
  2 quokkas (D:3)
  6 ball pythons
  7 bats
  3 frilled lizards
  10 rats
182 creatures vanquished.

Notes
Turn   | Place    | Note
-------+----------+-------------------------------------------
     0 | D:1      | banonogon the Gnoll Reaver began the quest for the Orb.
     0 | D:1      | Reached XP level 1. HP: 20/20 MP: 6/6
   305 | D:1      | Reached XP level 2. HP: 26/26 MP: 7/7
   475 | D:1      | Identified a scroll of acquirement
   475 | D:1      | Acquired a +2 heavy battleaxe
   686 | D:2      | Identified the +1 leather armour of Ynyanuen {+Blink rF+
                  | rC+ rN+}
   712 | D:2      | Learned a level 2 spell: Momentum Strike
   796 | D:2      | Reached skill level 5 in Spellcasting
   796 | D:2      | Reached XP level 3. HP: 30/31 MP: 7/9
  1507 | D:3      | Noticed Terence
  1517 | D:3      | Reached skill level 1 in Invocations
  1518 | D:3      | Killed Terence
  1519 | D:3      | Reached skill level 1 in Short Blades
  1519 | D:3      | Reached skill level 1 in Long Blades
  1519 | D:3      | Reached skill level 1 in Maces & Flails
  1519 | D:3      | Reached skill level 1 in Polearms
  1519 | D:3      | Reached skill level 1 in Staves
  1519 | D:3      | Reached skill level 1 in Ranged Weapons
  1519 | D:3      | Reached skill level 1 in Throwing
  1519 | D:3      | Reached skill level 1 in Armour
  1519 | D:3      | Reached skill level 1 in Stealth
  1519 | D:3      | Reached skill level 1 in Shields
  1519 | D:3      | Reached skill level 1 in Unarmed Combat
  1519 | D:3      | Reached skill level 1 in Evocations
  1519 | D:3      | Reached XP level 4. HP: 28/38 MP: 11/11
  1634 | D:3      | Reached skill level 1 in Hexes
  1634 | D:3      | Reached skill level 1 in Summonings
  1634 | D:3      | Reached skill level 1 in Necromancy
  1634 | D:3      | Reached skill level 1 in Translocations
  1634 | D:3      | Reached skill level 1 in Transmutations
  1634 | D:3      | Reached skill level 1 in Fire Magic
  1634 | D:3      | Reached skill level 1 in Ice Magic
  1634 | D:3      | Reached skill level 1 in Air Magic
  1634 | D:3      | Reached skill level 1 in Earth Magic
  1634 | D:3      | Reached skill level 1 in Poison Magic
  1747 | D:3      | Reached XP level 5. HP: 43/43 MP: 12/12
  1755 | D:3      | Found a glowing drain.
  1768 | Sewer    | Entered a sewer
  1796 | Sewer    | Noticed Pargi
  1822 | Sewer    | Killed Pargi
  1823 | Sewer    | Reached XP level 6. HP: 29/50 MP: 14/14
  2121 | D:4      | Reached skill level 5 in Fighting
  2121 | D:4      | Reached skill level 5 in Dodging
  2179 | D:4      | You fall into a shaft and drop 2 floors!
  2189 | D:6      | Found a white marble altar of Elyvilon.
  2234 | D:6      | Learned a level 1 spell: Necrotise
  2238 | D:6      | Learned a level 3 spell: Stone Arrow
  2300 | D:6      | Reached skill level 7 in Axes
  2300 | D:6      | Reached XP level 7. HP: 56/56 MP: 15/15
  2460 | D:6      | Reached XP level 8. HP: 60/63 MP: 16/16
  3552 | D:7      | Noticed Pikel
  3573 | D:7      | Killed Pikel
  3574 | D:7      | Reached XP level 9. HP: 42/69 MP: 18/18
  3610 | D:7      | Learned a level 3 spell: Vampiric Draining
  3768 | D:7      | Noticed Menkaure
  3770 | D:7      | Killed Menkaure
  3771 | D:7      | Reached skill level 8 in Axes
  3833 | D:7      | Reached skill level 5 in Invocations
  4167 | D:7      | Found Gozag's Platinum Reserve.
  4168 | D:7      | Found an opulent altar of Gozag.
  4532 | D:7      | Found a runed translucent door.
  4533 | D:7      | Noticed Crazy Yiuf
  4541 | D:7      | Killed Crazy Yiuf
  4907 | D:9      | HP: 3/71 [poisoned by a killer bee]
  4998 | D:8      | Reached skill level 5 in Short Blades
  4998 | D:8      | Reached skill level 5 in Long Blades
  4998 | D:8      | Reached skill level 5 in Maces & Flails
  4998 | D:8      | Reached skill level 5 in Polearms
  4998 | D:8      | Reached skill level 5 in Staves
  4998 | D:8      | Reached skill level 5 in Ranged Weapons
  4998 | D:8      | Reached skill level 5 in Throwing
  4998 | D:8      | Reached skill level 5 in Armour
  4998 | D:8      | Reached skill level 5 in Stealth
  4998 | D:8      | Reached skill level 5 in Shields
  4998 | D:8      | Reached skill level 5 in Unarmed Combat
  4998 | D:8      | Reached skill level 5 in Evocations
  4998 | D:8      | Reached XP level 10. HP: 59/77 MP: 20/20
  5230 | D:8      | Learned a level 2 spell: Passwall
  5233 | D:8      | Learned a level 2 spell: Ensorcelled Hibernation
  5285 | D:8      | Gained mutation: You occasionally lose the ability to read
                  | scrolls when taking damage. [potion of mutation]
  5285 | D:8      | Gained mutation: You are dopey. (Int -2) [potion of
                  | mutation]
  5285 | D:8      | Gained mutation: You are agile. (Dex +4, Str/Int -1)
                  | [potion of mutation]
  5285 | D:8      | Gained mutation: Your flesh is cold resistant. (rC+)
                  | [potion of mutation]
  5577 | D:5      | Entered Level 5 of the Dungeon
  5713 | D:5      | Found a staircase to the Ecumenical Temple.
  5768 | Temple   | Entered the Ecumenical Temple
  5776 | Temple   | Became a worshipper of Vehumet
  6317 | D:4      | Identified the +10 spear "Uklaic" {protect, rF+ Dex+3}
  6362 | D:4      | Found a broken altar of Ashenzari.
  6465 | D:4      | Noticed Dowan
  6467 | D:4      | Noticed Duvessa
  6469 | D:4      | Killed Dowan
  6484 | D:4      | Killed Duvessa
  7211 | D:8      | Found an ancient bone altar of Kikubaaqudgha.
  7442 | D:9      | Found a runed translucent gate.
  7442 | D:9      | Found a runed translucent gate.
  7442 | D:9      | Found a runed translucent gate.
  7442 | D:9      | Noticed kmckee's ghost (novice MiFi)
  7444 | D:9      | Found a basalt altar of Yredelemnul.
  7524 | D:9      | Demolished by kmckee's ghost

Illustrated notes

Levels and vault maps discovered:
D:1:      lemuel_arrival_cross, layout_loops_cross
D:2:      layout_basic, patterned_corridor
D:3:      layout_basic, portal_sewer_entry_e, uniq_terence
D:4:      nicolae_cairo_tiling, layout_rooms,
          mainiacjoe_overflow_small_starburst, uniq_duvessa
D:5:      layout_rooms, temple_statues
D:6:      minmay_recursive_quarters, layout_basic, elyvilon_altar_3,
          mrwooster_statue_mirror
D:7:      layout_basic, nicolae_gozag_zags_fifth_avenue, minmay_small_thing,
          uniq_crazy_yiuf_cottage, uniq_menkaure, uniq_pikel
D:8:      layout_loops_ring, lemuel_tele_altar
D:9:      minmay_the_grid_octo_triangle [minmay_the_grid_octo_clover_2,
          minmay_the_grid_octo_prize_big_c, minmay_the_grid_octo_teeth],
          layout_stronghold, nicolae_yredelemnul_ghost_church,
          mainiacjoe_overflow_catwalk
Temple:   dpeg_chambers_temple

Skill      XL: |  1  2  3  4  5  6  7  8  9 10 |
---------------+-------------------------------+-----
Spellcasting   | 5 6 7 |  7.6
Invocations    | 1 2 3 4 5 6 |  6.1
Short Blades   | 1 2 3 4 5 |  5.5
Long Blades    | 1 2 3 4 5 |  5.5
Maces & Flails | 1 2 3 4 5 |  5.5
Polearms       | 1 2 3 4 5 |  5.5
Staves         | 1 2 3 4 5 |  5.5
Ranged Weapons | 1 2 3 4 5 |  5.5
Throwing       | 1 2 3 4 5 |  5.5
Armour         | 1 2 3 4 5 |  5.5
Stealth        | 1 2 3 4 5 |  5.5
Shields        | 1 2 3 4 5 |  5.5
Unarmed Combat | 1 2 3 4 5 |  5.5
Evocations     | 1 2 3 4 5 |  5.5
Hexes          | 1 2 3 4 |  4.6
Summonings     | 1 2 3 4 |  4.6
Necromancy     | 1 2 3 4 |  4.6
Translocations | 1 2 3 4 |  4.6
Transmutations | 1 2 3 4 |  4.6
Fire Magic     | 1 2 3 4 |  4.6
Ice Magic      | 1 2 3 4 |  4.6
Air Magic      | 1 2 3 4 |  4.6
Earth Magic    | 1 2 3 4 |  4.6
Poison Magic   | 1 2 3 4 |  4.6
Fighting       | 5 6 7 |  7.3
Dodging        | 5 6 7 |  7.3
Axes           | 7 8 |  8.7
Conjurations   | 6 7 |  7.2

Action                     |  1- 3 |  4- 6 |  7- 9 | 10-12 || total
---------------------------+-------+-------+-------+-------++-------
  Melee: Hand axe          |    25 |       |       |       ||    25
         Bite              |    15 |     9 |    22 |    14 ||    60
         Battleaxe         |    35 |    99 |   230 |    55 ||   419
         Short sword       |     7 |       |       |       ||     7
         Spear             |       |       |       |    83 ||    83
   Cast: Necrotise         |       |       |     3 |       ||     3
         Stone Arrow       |       |       |       |    27 ||    27
  Evoke: Wand              |       |       |       |     1 ||     1
    Use: Scroll            |     7 |     3 |     4 |     6 ||    20
         Potion            |     3 |     2 |     5 |     4 ||    14
   Stab: Sleeping          |       |     2 |     1 |     1 ||     4
 Armour: Ring mail         |     9 |       |       |       ||     9
         Leather armour    |    16 |    71 |   156 |    70 ||   313
  Dodge: Dodged            |    43 |   136 |   328 |    81 ||   588
  Block: Other             |     7 |       |       |       ||     7
         Kite shield       |       |       |       |    62 ||    62
